 Dungeon Crawl Stone Soup version 0.31-a0-263-ge8cad7f256 (webtiles) character file.

Game seed: 15231164963094068001

4288 qw the Skirmisher (level 10, -13/88 HPs)
             Began as a Minotaur Hexslinger on July 13, 2023.
             Was a Follower of Okawaru.
             Shot with an arrow by a centaur warrior (14 damage)
             ... on level 9 of the Dungeon.
             The game lasted 00:03:28 (7732 turns).

qw the Skirmisher (Minotaur Hexslinger)             Turns: 7732, Time: 00:03:29

Health: -13/88     AC:  6    Str: 19    XL:     10   Next: 10%
Magic:  10/12      EV: 16    Int: 10    God:    Okawaru [*.....]
Gold:   213        SH:  0    Dex: 17    Spells: 10/11 levels left

rFire   . . .        Y - +0 shortbow
rCold   . . .        (shield currently unavailable)
rNeg    . . .        e - +0 ring mail
rPois   .            i - +2 hat
rElec   .            j - +0 cloak
rCorr   .            (no gloves)
SInv    .            (no boots)
Will    .....        (no amulet)
Stlth   ++           a - +4 ring of slaying {mikee}
HPRegen 0.34/turn    k - +6 ring of strength
MPRegen 0.13/turn

%: no passive effects
@: about to teleport, heroic, corroded
A: horns 2, retaliatory headbutt
a: Renounce Religion, Heroism


You were on level 9 of the Dungeon.
You worshipped Okawaru.
Okawaru was aware of your devotion.
You visited 2 branches of the dungeon, and saw 10 of its levels.
You also visited: Ossuary.

You collected 325 gold pieces.
You spent 112 gold pieces at shops.


Innate Abilities, Weirdness & Mutations

You have a pair of horns on your head.
You reflexively headbutt those who attack you in melee.


   Skills:
 - Level 8.1(13.1) Fighting
 + Level 12.4(17.4) Ranged Weapons
 - Level 3.1(8.1) Armour
 - Level 5.0(10.0) Dodging
 - Level 1.0 Spellcasting
 - Level 2.0 Hexes
 - Level 4.0 Invocations


You had 10 spell levels left.
You knew the following spells:

 Your Spells              Type           Power      Damage    Failure   Level
a - Slow                  Hex            16%        N/A       24%         1

Your spell library contained the following spells:

 Spells                   Type           Power      Damage    Failure   Level
 Inner Flame              Hex/Fire       2%         N/A       71%         3
 Portal Projectile        Hex/Tloc       4%         N/A       71%         3
 Cause Fear               Hex            2%         N/A       93%         4

Inventory:

Hand Weapons
 Y - a +0 shortbow (weapon)
Armour
 e - a +0 ring mail (worn)
 i - a +2 hat (worn)
 j - a +0 cloak (worn)
Jewellery
 a - a +4 ring of slaying (left hand) {mikee}
 k - a +6 ring of strength (right hand)
Scrolls
 f - a scroll of identify
 g - 4 scrolls of teleportation
Potions
 b - 2 potions of might
 c - 2 potions of mutation
 d - a potion of haste
 h - 2 potions of resistance
 o - a potion of berserk rage {unknown}

Dungeon Overview and Level Annotations

Branches:
Dungeon (9/15)             Temple (1/1) D:5         Ossuary (visited)
   Lair: D:8-11         Orc: D:9-12

Altars:
Ashenzari
Cheibriados
Dithmenos
Elyvilon
Fedhas
Hepliaklqana
Kikubaaqudgha
Makhleb
Nemelex Xobeh
Okawaru
Qazlal
Ru
Sif Muna
Trog
Uskayaw
Vehumet
Wu Jian
Xom
Yredelemnul
Zin
The Shining One

Shops:
D:1 [   D:3 [!:   D:7 :


Message History

You shoot an arrow. The arrow hits the brown ugly thing!
The brown ugly thing is lightly wounded.
You shoot an arrow. The arrow hits the brown ugly thing!
The brown ugly thing is moderately wounded.
You shoot an arrow.
The arrow closely misses the brown ugly thing.
A centaur warrior comes into view.
You shoot an arrow. The arrow hits the brown ugly thing.
The brown ugly thing is moderately wounded.
You shoot an arrow.
The arrow hits the brown ugly thing but does no damage.
The brown ugly thing is moderately wounded.
You shoot an arrow.
The arrow barely misses the brown ugly thing.
The arrow hits the centaur warrior!
The centaur warrior is moderately wounded.
The brown ugly thing claws you. The acid corrodes you!
You are splashed with acid!
You shoot an arrow. The arrow hits the brown ugly thing!
The brown ugly thing is heavily wounded.
The brown ugly thing claws you!
You are splashed with acid!
7729 ||| INVOKING Heroism.
You gain the combat prowess of a mighty hero.
The brown ugly thing claws you.
You are splashed with acid!
You shoot an arrow. The arrow hits the brown ugly thing!
The brown ugly thing is severely wounded.
The centaur warrior wields a +0 shortbow.
The centaur warrior shoots an arrow.
The arrow hits you!
The brown ugly thing closely misses you.
You furiously retaliate!
You headbutt the brown ugly thing. You shoot an arrow.
The arrow hits the brown ugly thing!
The brown ugly thing is almost dead.
The centaur warrior shoots an arrow.
The arrow hits you!!
7732 ||| READING 5 scrolls of teleportation.
As you read the scroll of teleportation, it crumbles to dust.
You feel strangely unstable.
The centaur warrior shoots an arrow.
The arrow hits you!
The brown ugly thing claws you but does no damage.
The centaur warrior shoots an arrow.
The arrow hits you!
You die...

.# #.# #.#
#.##.
..##.##..
..#.##..#
#..##..##
##.##..##=
##.##J.##).
##...##g.##.
#.##@.##..#.
#>.##uc##...
#<#.##..##..
#.##.##..##=
#.###.##$.##
#.# #.##..#
#.# #.##..
... ..##.
... ..


You could see a brown ugly thing, a slime creature, a centaur warrior and a
boggart.

Vanquished Creatures
  A two-headed ogre (D:8)
  A wyvern (D:7)
  Eustachio (D:6)
  2 steam dragons
  2 water moccasins
  An orc warrior (D:6)
  A black bear (D:4)
  An ice beast (D:4)
  A sky beast (D:6)
  2 centaurs
  2 ogres
  2 phantoms
  4 bullfrogs
  2 scorpions
  7 wights
  8 killer bees
  2 howler monkeys
  5 hounds
  3 gnoll boudas
  5 orc priests
  3 iguanas
  5 orc wizards
  A mummy (Ossuary)
  16 gnolls
  9 adders
  A worm (D:2)
  4 dart slugs
  24 orcs
  2 spectral bats (Ossuary)
  6 endoplasms
  3 giant cockroaches
  12 gnoll zombies (Ossuary)
  9 goblins
  9 hobgoblins
  4 jackals (D:3)
  7 kobolds
  2 quokkas
  10 ball pythons
  5 bats
  3 bat simulacra (Ossuary)
  5 frilled lizards
  3 goblin simulacra (Ossuary)
  5 goblin zombies (Ossuary)
  3 hobgoblin zombies (Ossuary)
  2 kobold simulacra (Ossuary)
  4 kobold zombies (Ossuary)
  6 orc zombies (Ossuary)
  8 rats
  4 rat simulacra (Ossuary)
  3 spectral goblins (Ossuary)
  3 spectral kobolds (Ossuary)
  2 spectral rats (Ossuary)
236 creatures vanquished.

Notes
Turn   | Place    | Note
-------+----------+-------------------------------------------
     0 | D:1      | qw the Minotaur Hexslinger began the quest for the Orb.
     0 | D:1      | Reached XP level 1. HP: 16/16 MP: 1/1
     0 | D:1      | 0 ||| qw: Version: 0.3-a-52-g30416fa
     0 | D:1      | 0 ||| qw: Game counter: 7369
     0 | D:1      | 0 ||| qw: Melee chars always use a shield: true
     0 | D:1      | 0 ||| qw: God list: Okawaru
     0 | D:1      | 0 ||| qw: Allow faded altars: false
     0 | D:1      | 0 ||| qw: Do Orc after clearing Dungeon:15 true
     0 | D:1      | 0 ||| qw: Do second Lair branch before Depths: true
     0 | D:1      | 0 ||| qw: Lair rune preference: random
     0 | D:1      | 0 ||| qw: Goals: Normal
     0 | D:1      | 0 ||| PLANNING D:1-11
   115 | D:1      | HP: 4/16 [poisoned by a kobold]
   185 | D:1      | Reached skill level 3 in Ranged Weapons
   185 | D:1      | Reached XP level 2. HP: 23/23 MP: 2/2
   317 | D:1      | Found Simet's Antique Armour Boutique.
   326 | D:1      | 326 ||| SHOPLISTING glowing ring mail (175 gold, have 40).
   326 | D:1      | 326 ||| SHOPLISTING pair of gloves (112 gold, have 40).
   326 | D:1      | 326 ||| SHOPLISTING runed leather armour (125 gold, have
                  | 40).
   344 | D:1      | 344 ||| Stepping ~*~*~tactically~*~*~ (outnumbered).
   353 | D:1      | 353 ||| FLEEEEING.
   354 | D:1      | 354 ||| FLEEEEING.
   355 | D:1      | 355 ||| FLEEEEING.
   356 | D:1      | 356 ||| FLEEEEING.
   357 | D:1      | 357 ||| FLEEEEING.
   358 | D:1      | 358 ||| FLEEEEING.
   359 | D:1      | 359 ||| FLEEEEING.
   360 | D:1      | 360 ||| FLEEEEING.
   361 | D:1      | 361 ||| FLEEEEING.
   362 | D:1      | 362 ||| FLEEEEING.
   363 | D:1      | 363 ||| FLEEEEING.
   364 | D:1      | 364 ||| FLEEEEING.
   365 | D:1      | 365 ||| FLEEEEING.
   366 | D:1      | 366 ||| FLEEEEING.
   367 | D:1      | 367 ||| FLEEEEING.
   368 | D:1      | 368 ||| FLEEEEING.
   369 | D:1      | 369 ||| FLEEEEING.
   370 | D:1      | 370 ||| FLEEEEING.
   371 | D:1      | 371 ||| FLEEEEING.
   372 | D:1      | 372 ||| FLEEEEING.
   373 | D:1      | 373 ||| FLEEEEING.
   493 | D:1      | Reached XP level 3. HP: 29/29 MP: 3/3
   699 | D:1      | 699 ||| UPGRADING to +0 ring mail.
   709 | D:1      | 709 ||| DROPPING +0 robe.
   710 | D:1      | 710 ||| READING scroll labelled BOQYKK YCWUH.
   711 | D:1      | 711 ||| DROPPING scroll of poison.
   773 | D:2      | Reached skill level 4 in Ranged Weapons
   939 | D:2      | Reached skill level 1 in Armour
  1299 | D:2      | Reached XP level 4. HP: 36/36 MP: 4/4
  1445 | D:2      | 1445 ||| READING scroll labelled RYINOUTTAG.
  1446 | D:2      | 1446 ||| READING scroll labelled SOXKEH DEOBAKK.
  1449 | D:2      | 1449 ||| DRINKING 2 lumpy sapphire potions.
  1450 | D:2      | 1450 ||| DROPPING potion of brilliance.
  1462 | D:3      | Found Geegiusch's Distillery.
  1463 | D:3      | Found Settoubb's Book Shoppe.
  1478 | D:3      | 1478 ||| BUYING 2 potions of might (112 gold).
  1478 | D:3      | Bought 2 potions of might for 112 gold pieces
  1478 | D:3      | 1478 ||| SHOPLISTING potion of might (56 gold, have 2).
  1478 | D:3      | 1478 ||| SHOPLISTING potion of mutation (112 gold, have 2).
  1732 | D:3      | Found Zeseklo's Armour Shop.
  1740 | D:3      | 1740 ||| SHOPLISTING +0 pair of gloves of hurling (126
                  | gold, have 13).
  1791 | D:3      | Reached skill level 5 in Ranged Weapons
  1886 | D:3      | Found a sparkling altar of Nemelex Xobeh.
  1886 | D:3      | Found a burning altar of Makhleb.
  1894 | D:3      | Found a faded altar of an unknown god.
  1896 | D:3      | Found a hazy altar of Hepliaklqana.
  1898 | D:3      | Found a stormy altar of Qazlal.
  2070 | D:3      | 2070 ||| UPGRADING to +0 cloak.
  2075 | D:3      | 2075 ||| UPGRADING to +4 ring of slaying {mikee}.
  2076 | D:3      | 2076 ||| READING scroll labelled BURE OSU FUCK.
  2077 | D:3      | 2077 ||| READING scroll labelled TUAROCVUNKE.
  2078 | D:3      | 2078 ||| DRINKING 2 fuming red potions.
  2107 | D:3      | 2107 ||| DROPPING potion of lignification.
  2121 | D:4      | 2121 ||| STAIRDANCE
  2131 | D:3      | Reached skill level 3 in Fighting
  2131 | D:3      | Reached XP level 5. HP: 21/45 MP: 5/5
  2281 | D:4      | Reached skill level 6 in Ranged Weapons
  2319 | D:4      | Reached XP level 6. HP: 51/51 MP: 6/6
  2386 | D:4      | Noticed an ice beast
  2404 | D:4      | Killed an ice beast
  2692 | D:4      | Found an ornate altar of the Wu Jian Council.
  2776 | D:4      | Reached skill level 7 in Ranged Weapons
  2784 | D:4      | Reached XP level 7. HP: 30/60 MP: 7/7
  3030 | D:4      | 3030 ||| UPGRADING to +6 ring of strength.
  3031 | D:4      | 3031 ||| READING 3 scrolls of identify.
  3031 | D:4      | 3031 ||| IDENTIFYING fizzy inky potion
  3032 | D:4      | 3032 ||| READING 2 scrolls of identify.
  3032 | D:4      | 3032 ||| IDENTIFYING pink potion
  3044 | D:5      | Entered Level 5 of the Dungeon
  3045 | D:5      | 3045 ||| PLANNING OSSUARY
  3218 | D:5      | Found a sand-covered staircase.
  3222 | Ossuary  | Entered an ossuary
  3327 | Ossuary  | Reached skill level 8 in Ranged Weapons
  3615 | Ossuary  | 3615 ||| READING 2 scrolls labelled MIKKABLIBU.
  3616 | Ossuary  | 3616 ||| READING 3 scrolls labelled GOOTUIT IBAM.
  3617 | Ossuary  | 3617 ||| READING 2 scrolls of enchant weapon.
  3617 | Ossuary  | 3617 ||| ENCHANTING +2 sling.
  3618 | Ossuary  | 3618 ||| READING scroll of enchant weapon.
  3618 | Ossuary  | 3618 ||| ENCHANTING +3 sling.
  3619 | Ossuary  | 3619 ||| READING scroll labelled MIUDAQ PUBEDIF.
  3620 | Ossuary  | 3620 ||| DRINKING 2 fuming blue potions.
  3621 | Ossuary  | 3621 ||| READING 3 scrolls of identify.
  3621 | Ossuary  | 3621 ||| IDENTIFYING bubbling cyan potion
  3622 | Ossuary  | 3622 ||| READING 2 scrolls of identify.
  3622 | Ossuary  | 3622 ||| IDENTIFYING purple potion
  3623 | Ossuary  | 3623 ||| DROPPING potion of invisibility.
  3624 | Ossuary  | 3624 ||| DROPPING scroll of fog.
  3650 | D:5      | 3650 ||| PLANNING D:1-11
  3657 | D:5      | Found a staircase to the Ecumenical Temple.
  3658 | D:5      | 3658 ||| PLANNING TEMPLE
  3679 | Temple   | Entered the Ecumenical Temple
  3742 | Temple   | 3742 ||| PLANNING OKAWARU WORSHIP
  3865 | Temple   | Became a worshipper of Warmaster Okawaru
  3866 | Temple   | 3866 ||| PLANNING D:1-11
  4377 | D:5      | Reached skill level 9 in Ranged Weapons
  4377 | D:5      | Reached XP level 8. HP: 62/68 MP: 8/8
  4537 | D:5      | 4537 ||| DRINKING 2 lumpy red potions.
  4538 | D:5      | 4538 ||| DROPPING potion of attraction.
  4614 | D:6      | HP: 13/68 [iguana (12)]
  4615 | D:6      | 4615 ||| READING scroll of teleportation.
  4616 | D:6      | 4616 ||| DRINKING 3 potions of heal wounds.
  4618 | D:6      | 4618 ||| DRINKING 2 potions of heal wounds.
  4621 | D:6      | HP: 16/68 [orc/+0 trident (5)]
  4622 | D:6      | 4622 ||| DRINKING potion of heal wounds.
  4626 | D:6      | Reached skill level 3 in Dodging
  4626 | D:6      | HP: 16/68 [orc/+0 trident (2)]
  4626 | D:6      | Reached * piety under Okawaru
  4627 | D:6      | 4627 ||| INVOKING Heroism.
  4630 | D:6      | HP: 1/68 [orc priest/nerve-wracking pain (14)]
  4878 | D:6      | Reached skill level 6 in Fighting
  4927 | D:6      | Reached skill level 1 in Invocations
  4928 | D:6      | 4928 ||| INVOKING Heroism.
  4929 | D:6      | 4929 ||| Stepping ~*~*~tactically~*~*~ (cloud).
  5310 | D:6      | Reached skill level 3 in Invocations
  5335 | D:6      | 5335 ||| SWAPPING to +0 shortbow.
  5336 | D:6      | 5336 ||| DROPPING +4 sling.
  5341 | D:6      | Noticed Eustachio
  5342 | D:6      | 5342 ||| INVOKING Heroism.
  5357 | D:6      | Killed Eustachio
  5358 | D:6      | Reached skill level 10 in Ranged Weapons
  5570 | D:6      | 5570 ||| DROPPING ring of positive energy.
  5571 | D:6      | 5571 ||| READING scroll labelled VIEMIR JOCWYT.
  5572 | D:6      | 5572 ||| READING scroll labelled AROUTZ CUNIDE.
  5573 | D:6      | 5573 ||| READING 2 scrolls of identify.
  5573 | D:6      | 5573 ||| IDENTIFYING red potion
  5612 | D:7      | Reached XP level 9. HP: 50/78 MP: 9/11
  5612 | D:7      | 5612 ||| INVOKING Heroism.
  5634 | D:7      | 5634 ||| FLEEEEING.
  5635 | D:7      | 5635 ||| FLEEEEING.
  5636 | D:7      | 5636 ||| FLEEEEING.
  5637 | D:7      | 5637 ||| FLEEEEING.
  5638 | D:7      | 5638 ||| STAIRDANCE
  5774 | D:7      | 5774 ||| INVOKING Heroism.
  5827 | D:7      | 5827 ||| INVOKING Heroism.
  5830 | D:7      | 5830 ||| Stepping ~*~*~tactically~*~*~ (outnumbered).
  5859 | D:7      | Found Hiapp's Book Shop.
  5888 | D:7      | 5888 ||| DRINKING potion of curing.
  5888 | D:7      | 5888 ||| (to cure confusion)
  5906 | D:7      | Found a snail-covered altar of Cheibriados.
  5914 | D:7      | 5914 ||| INVOKING Heroism.
  6123 | D:7      | 6123 ||| INVOKING Heroism.
  6511 | D:7      | 6511 ||| READING scroll labelled BOATUO DADD.
  6530 | D:8      | 6530 ||| STAIRDANCE
  6541 | D:8      | 6541 ||| STAIRDANCE
  6548 | D:8      | 6548 ||| STAIRDANCE
  6550 | D:7      | 6550 ||| INVOKING Heroism.
  6556 | D:7      | Reached skill level 11 in Ranged Weapons
  6703 | D:8      | Noticed a two-headed ogre
  6704 | D:8      | 6704 ||| INVOKING Heroism.
  6713 | D:8      | Reached skill level 3 in Armour
  6722 | D:8      | Killed a two-headed ogre
  6723 | D:8      | Reached skill level 12 in Ranged Weapons
  6727 | D:8      | Reached ** piety under Okawaru
  6740 | D:8      | 6740 ||| INVOKING Heroism.
  6744 | D:8      | HP: 18/80 [steam dragon] (11)]
  6745 | D:8      | 6745 ||| Stepping ~*~*~tactically~*~*~ (cloud).
  6747 | D:8      | 6747 ||| Stepping ~*~*~tactically~*~*~ (cloud).
  6934 | D:8      | Found an ancient bone altar of Kikubaaqudgha.
  6963 | D:8      | 6963 ||| Stepping ~*~*~tactically~*~*~ (outnumbered).
  6964 | D:8      | 6964 ||| Stepping ~*~*~tactically~*~*~ (outnumbered).
  6965 | D:8      | 6965 ||| Stepping ~*~*~tactically~*~*~ (outnumbered).
  6968 | D:8      | 6968 ||| Stepping ~*~*~tactically~*~*~ (outnumbered).
  6974 | D:8      | 6974 ||| INVOKING Heroism.
  6981 | D:8      | Reached XP level 10. HP: 63/88 MP: 9/12
  7058 | D:8      | 7058 ||| UPGRADING to +2 hat.
  7076 | D:8      | 7076 ||| INVOKING Heroism.
  7131 | D:8      | 7131 ||| FLEEEEING.
  7132 | D:8      | 7132 ||| FLEEEEING.
  7133 | D:8      | 7133 ||| FLEEEEING.
  7134 | D:8      | 7134 ||| FLEEEEING.
  7135 | D:8      | 7135 ||| FLEEEEING.
  7146 | D:8      | 7146 ||| FLEEEEING.
  7147 | D:8      | 7147 ||| FLEEEEING.
  7148 | D:8      | 7148 ||| FLEEEEING.
  7149 | D:8      | 7149 ||| FLEEEEING.
  7150 | D:8      | 7150 ||| FLEEEEING.
  7151 | D:8      | 7151 ||| FLEEEEING.
  7152 | D:8      | 7152 ||| FLEEEEING.
  7153 | D:8      | 7153 ||| FLEEEEING.
  7154 | D:8      | 7154 ||| FLEEEEING.
  7155 | D:8      | 7155 ||| FLEEEEING.
  7157 | D:8      | 7157 ||| FLEEEEING.
  7158 | D:8      | 7158 ||| FLEEEEING.
  7159 | D:8      | 7159 ||| FLEEEEING.
  7160 | D:8      | 7160 ||| FLEEEEING.
  7165 | D:8      | 7165 ||| STAIRDANCE
  7255 | D:8      | 7255 ||| INVOKING Heroism.
  7721 | D:9      | Noticed a brown ugly thing
  7724 | D:9      | Noticed a centaur warrior
  7729 | D:9      | 7729 ||| INVOKING Heroism.
  7731 | D:9      | HP: 13/88 [centaur warrior/arrow (23)]
  7732 | D:9      | 7732 ||| READING 5 scrolls of teleportation.
  7732 | D:9      | HP: 1/88 [centaur warrior/arrow (13)]
  7732 | D:9      | Shot with an arrow by a centaur warrior

Levels and vault maps discovered:
D:1:      dpeg_arrival_more_subterranean_lakeside_camping, layout_loops_ring,
          serial_shops, shop
D:2:      layout_basic, minivault_25
D:3:      layout_basic, chequers_temple_overflow_minitemple, serial_shops, shop,
          shop, shop, minmay_box_of_dots
D:4:      layout_basic, kennysheep_mini_moat, serial_bayou_pond_e,
          minmay_misc_feat_alley
D:5:      layout_loops_corners, minmay_temple_entry_statues,
          nicolae_ossuary_entry_plus, serial_glass, glass_columns_a,
          glass_columns_b
D:6:      layout_basic, minivault_4, uniq_eustachio
D:7:      layout_loops_cross, mainiacjoe_overflow_chevrons,
          minmay_misc_feat_encased, nicolae_take_the_stairs
D:8:      layout_rooms, overflow_temple_1_default, grunt_ogre_cave
D:9:      layout_loops_corners, nicolae_gozag_zags_fifth_avenue, erik_orc_4,
          enter_bailey_5, serial_shops, shop, minmay_diamond_spiral
Temple:   nicolae_temple_bog_church

Skill      XL: |  1  2  3  4  5  6  7  8  9 10 |
---------------+-------------------------------+-----
Ranged Weapons | 3 4 5 6 7 9 10 12 | 12.4
Fighting       | 2 3 4 5 6 8 |  8.1
Armour         | 1 2 3 |  3.1
Dodging        | 3 4 5 |  5.0
Invocations    | 4 |  4.0
Spellcasting   | |  1.0
Hexes          | |  2.0

Action                     |  1- 3 |  4- 6 |  7- 9 | 10-12 || total
---------------------------+-------+-------+-------+-------++-------
   Fire: Sling             |   108 |   176 |   253 |       ||   537
         Shortbow          |       |       |   180 |    49 ||   229
 Invoke: Heroism           |       |       |    12 |     3 ||    15
    Use: Scroll            |     1 |     4 |    14 |     1 ||    20
         Potion            |       |     2 |     6 |       ||     8
 Armour: Robe              |     3 |       |       |       ||     3
         Ring mail         |    13 |    43 |    74 |     8 ||   138
  Dodge: Dodged            |    32 |    61 |   126 |    14 ||   233

Table legend:
 A = Non-vault XP
 B = Vault XP
 C = Vault XP percentage of total XP
 D = Non-vault monster count
 E = Vault monster count
 F = Vault count percentage of total count
                 A         B        C        D         E       F
            +---------+---------+-------+---------+---------+-------
      Total |    5718 |     408 |   6.7 |     177 |      59 |  25.0
            +---------+---------+-------+---------+---------+-------
        D:1 |      48 |       0 |   0.0 |      29 |       0 |   0.0
        D:2 |      57 |       0 |   0.0 |      18 |       0 |   0.0
        D:3 |      80 |      11 |  12.1 |      20 |       4 |  16.7
        D:4 |     652 |       0 |   0.0 |      23 |       0 |   0.0
        D:5 |     497 |       0 |   0.0 |      12 |       0 |   0.0
        D:6 |    1053 |     197 |  15.8 |      22 |       1 |   4.3
        D:7 |    1251 |       0 |   0.0 |      28 |       0 |   0.0
        D:8 |    2080 |     118 |   5.4 |      25 |       1 |   3.8
    Ossuary |       0 |      82 | 100.0 |       0 |      53 | 100.0
            +---------+---------+-------+---------+---------+-------
